Map: 2000 Atmospheres LE

Players

Maplez

  • Race: Protoss Protoss

Vindicta - Winner!

  • Race: Terran Terran

VOD

Have the link to the VOD?

Description

Time

  • Played on: Oct. 10, 2021, 3:36 p.m.
  • Length: 9:34
Show
View Real Time Build Order
Export as new Build Order

Maplez Protoss 

Build Orders: 1 Gate Expand, Blink Stalkers 

Get SALT Encoding   

  12  0:00  Probe  
  13  0:12  Probe  
  14  0:17  Pylon  
  14  0:24  Probe (Chrono Boost)  
  16  0:36  Gateway, Probe (Chrono Boost)  
  16  0:43  Probe (Chrono Boost)  
  16  0:47  Assimilator  
  17  0:51  Probe  
  18  1:03  Probe  
  19  1:15  Probe  
  20  1:24  Cybernetics Core  
  22  1:28  Probe  
  21  1:44  Nexus  
  21  1:52  Pylon  
  22  1:59  Adept (Chrono Boost)  
  22  2:05  Assimilator  
  23  2:08  Warp Gate  
  23  2:10  Probe  
  24  2:17  Shield Battery  
  24  2:20  Adept (Chrono Boost)  
  23  2:26  Probe  
  26  2:37  Twilight Council  
  26  2:39  Probe  
  27  2:47  Stalker  
  29  2:58  Probe  
  30  3:07  Probe  
  30  3:10  Probe  
  30  3:14  Blink (Chrono Boost)  
  30  3:17  Gateway  
  30  3:21  Probe  
  30  3:26  Probe  
  32  3:36  Robotics Facility  
  32  3:37  Probe  
  32  3:41  Probe  
  34  3:52  Probe (Chrono Boost)  
  34  3:53  Probe (Chrono Boost)  
  34  4:01  Gateway  
  36  4:04  Probe x2 (Chrono Boost)  
  36  4:11  Gateway  
  36  4:12  Probe (Chrono Boost)  
  36  4:13  Probe (Chrono Boost)  
  36  4:14  Stalker  
  40  4:19  Pylon  
  40  4:20  Probe  
  41  4:27  Probe  
  41  4:28  Warp Prism (Chrono Boost)  
  42  4:36  Probe  
  45  4:39  Probe  
  45  4:42  Stalker  
  48  4:48  Stalker, Probe  
  51  4:54  Pylon  
  51  4:57  Probe  
  52  5:01  Stalker  
  54  5:12  Probe x2, Pylon  
  56  5:15  Stalker x2  
  56  5:18  Stalker  
  62  5:25  Pylon  
  62  5:26  Assimilator  
  62  5:36  Probe  
  62  5:39  Observer  
  64  5:42  Nexus  
  64  5:48  Stalker x2  
  68  5:50  Stalker  
  68  5:56  Probe  
  71  5:58  Probe  
  71  6:02  Stalker, Observer  
  75  6:08  Probe  
  76  6:13  Stalker  
  78  6:21  Observer, Pylon  
  78  6:25  Forge  
  78  6:26  Forge  
  78  6:39  Probe x2  
  80  6:40  Stalker x3  
  85  6:51  Stalker, Probe, Charge (Chrono Boost)  
  82  6:56  Probe  
  82  6:57  Immortal (Chrono Boost)  
  82  6:59  Protoss Ground Weapons Level 1 (Chrono Boost)  
  87  7:01  Protoss Ground Armor Level 1 (Chrono Boost)  
  87  7:04  Pylon  
  87  7:11  Probe  
  86  7:18  Probe  
  86  7:21  Zealot x2  
  86  7:22  Zealot x2  
  92  7:26  Gateway  
  92  7:27  Gateway  
  92  7:34  Dark Shrine  
  92  7:36  Gateway  
  92  7:42  Zealot x3  
  86  7:56  Stalker  
  87  8:00  Pylon  
  87  8:05  Zealot x3  
  91  8:24  Stalker x3, Gateway  
  96  8:28  Zealot x2  
  99  8:35  Stalker  
  99  8:36  Stalker  
  99  8:38  Probe  
  99  8:39  Probe  
  104  8:49  Probe  
  104  8:53  Zealot x3  
  105  8:57  Dark Templar  
  105  8:58  Dark Templar  
  91  9:03  Zealot x2  
  79  9:12  Zealot x2  
  65  9:17  Dark Templar  
  65  9:19  Zealot x4  
Show
View Real Time Build Order
Export as new Build Order

Vindicta Terran - Winner!

Build Orders:  

Get SALT Encoding   

  12  0:00  SCV  
  13  0:12  SCV  
  14  0:17  Supply Depot  
  14  0:24  SCV  
  15  0:38  SCV  
  15  0:40  Barracks  
  16  0:43  Refinery  
  16  0:51  SCV  
  17  1:03  SCV  
  18  1:15  SCV  
  19  1:27  Marine  
  19  1:28  Orbital Command  
  20  1:49  Barracks Reactor  
  20  1:51  Command Center  
  20  1:54  SCV  
  20  1:58  Supply Depot  
  21  2:06  SCV  
  22  2:15  Factory  
  22  2:17  Bunker  
  22  2:21  SCV  
  23  2:26  Reaper, Marine  
  25  2:33  SCV  
  25  2:34  Refinery  
  26  2:44  Marine  
  26  2:45  SCV  
  28  2:57  SCV  
  28  2:58  Marine  
  30  3:02  Hellion, Marine  
  30  3:04  Orbital Command  
  31  3:14  Starport, SCV  
  31  3:18  Marine  
  33  3:23  Widow Mine, Marine  
  36  3:28  SCV  
  36  3:29  SCV  
  38  3:35  Supply Depot, Marine  
  38  3:41  SCV  
  40  3:47  Factory Tech Lab, Marine  
  41  3:48  SCV  
  41  3:55  SCV  
  41  3:58  Marine  
  41  4:00  SCV  
  42  4:07  SCV  
  42  4:09  Marine  
  43  4:10  Raven  
  43  4:11  Factory Tech Lab  
  43  4:13  SCV  
  43  4:15  Barracks  
  43  4:17  Marine  
  47  4:18  Supply Depot  
  47  4:21  SCV  
  49  4:25  SCV  
  49  4:26  Engineering Bay  
  49  4:29  Refinery  
  50  4:33  Siege Tank  
  50  4:34  SCV  
  54  4:40  SCV  
  54  4:43  Supply Depot  
  55  4:45  Barracks  
  55  4:46  Marine  
  55  4:49  SCV  
  55  4:51  Marine  
  58  4:54  Terran Infantry Weapons Level 1  
  58  4:56  SCV  
  59  5:01  SCV  
  59  5:05  Siege Tank  
  63  5:08  Starport Tech Lab  
  63  5:11  Supply Depot  
  63  5:13  SCV  
  65  5:15  Stimpack  
  65  5:16  Refinery  
  65  5:17  SCV  
  65  5:19  Marauder  
  67  5:26  SCV, Marine x2  
  70  5:33  SCV  
  70  5:35  Supply Depot  
  71  5:38  SCV, Starport Reactor  
  71  5:40  Marine  
  73  5:45  SCV, Combat Shield  
  73  5:46  Marauder  
  73  5:47  Missile Turret, Marine  
  77  5:50  SCV  
  77  5:52  Supply Depot  
  77  5:56  Siege Tank  
  81  5:59  Marauder  
  81  6:00  Missile Turret, Marine  
  81  6:02  SCV  
  84  6:05  Marine  
  84  6:06  SCV  
  86  6:15  Medivac, Viking  
  91  6:20  Supply Depot  
  91  6:21  Marine  
  91  6:22  Supply Depot  
  91  6:23  Marauder  
  94  6:31  Marine  
  93  6:39  SCV  
  94  6:40  Command Center  
  94  6:42  Siege Tank  
  94  6:45  Medivac x2  
  101  6:47  Marine  
  98  6:58  Supply Depot  
  98  7:01  Terran Infantry Armor Level 1  
  97  7:02  Marine  
  97  7:03  Concussive Shells  
  97  7:04  SCV  
  97  7:06  Barracks  
  98  7:11  Barracks  
  98  7:12  Marine  
  98  7:13  Marauder  
  101  7:18  Medivac  
  101  7:20  Marine  
  101  7:21  Marauder, Supply Depot x2  
  104  7:23  Medivac  
  104  7:29  SCV  
  107  7:30  Marine  
  107  7:36  Marine  
  109  7:38  Marine  
  109  7:42  Marauder  
  110  7:47  Medivac  
  110  7:48  Marine  
  109  7:53  Medivac  
  109  7:54  Marauder  
  109  7:56  Marine, Orbital Command  
  114  8:03  Marine  
  116  8:06  Barracks Reactor, SCV, Marine  
  116  8:12  SCV  
  119  8:15  Orbital Command  
  119  8:17  Medivac, Marine  
  119  8:18  Marauder  
  119  8:19  SCV  
  124  8:21  Marauder, Barracks Tech Lab  
  124  8:23  Medivac  
  124  8:24  SCV, Marine  
  130  8:31  SCV  
  130  8:32  Supply Depot  
  129  8:35  Marine  
  129  8:36  SCV  
  129  8:39  Widow Mine  
  135  8:41  Marine  
  135  8:43  SCV  
  135  8:47  Liberator  
  138  8:48  Marine  
  138  8:49  Marauder  
  138  8:51  SCV, Marine  
  138  8:55  Marauder, Marine  
  144  8:57  Marine  
  144  8:59  Marine  
  144  9:00  Orbital Command  
  144  9:01  SCV  
  145  9:06  Marine  
  145  9:08  Refinery  
  145  9:09  Refinery, Marine  
  143  9:10  Marauder  
  143  9:13  Supply Depot, Marine  
  137  9:17  Missile Turret  
Tags
 
Add a new tag
Caveats
  • Supply blocks, unpowered buildings, or Contaminate may cause inaccurate times.
  • Supply counts are checked every 10 seconds.